 Dungeon Crawl Stone Soup version 0.28.0-49-g6dfe1f597d (webtiles) character file.

Game seed: 15480294776888920040

151 nickcage the Gusty (level 5, -8/28 HPs)
             Began as a Deep Elf Air Elementalist on May 16, 2022.
             Killed from afar by a steam dragon (20 damage)
             ... with a ball of steam
             ... on level 3 of the Dungeon.
             The game lasted 00:06:22 (2877 turns).

nickcage the Gusty (Deep Elf Air Elementalist)      Turns: 2877, Time: 00:06:23

Health: -8/28      AC:  3    Str:  5    XL:     5   Next: 11%
Magic:  6/11       EV: 12    Int: 22    God:
Gold:   42         SH:  0    Dex: 15    Spells: 6/10 levels left

rFire   . . .      SeeInvis .   j - +0 rapier
rCold   . . .      Faith    .   (no shield)
rNeg    . . .      Spirit   .   a - +0 robe
rPois   .          Reflect  .   (no helmet)
rElec   .          Harm     .   (no cloak)
rCorr   .          Rampage  .   c - +0 pair of gloves
Will    .....                   (no boots)
Stlth   ++........              (no amulet)
HPRegen 0.09/turn               (no ring)
MPRegen 0.12/turn               (no ring)

@: very slightly contaminated
A: no striking features
a: no special abilities


You were on level 3 of the Dungeon.
You visited 1 branch of the dungeon, and saw 3 of its levels.

You collected 42 gold pieces.

Inventory:

Hand Weapons
 d - a +0 whip
 j - a +0 rapier (weapon)
Armour
 a - a +0 robe (worn)
 c - a +0 pair of gloves (worn)
Jewellery
 b - an amulet of reflection
Scrolls
 e - 2 scrolls of identify {unknown}
 f - a scroll of vulnerability {unknown}
 g - a scroll of teleportation {unknown}
 h - a scroll of enchant armour {unknown}
Potions
 i - a potion of cancellation {unknown}


   Skills:
 - Level 2.4 Dodging
 - Level 2.4 Stealth
 - Level 3.0 Spellcasting
 - Level 2.0 Conjurations
 + Level 5.6 Air Magic


You had 6 spell levels left.
You knew the following spells:

 Your Spells              Type           Power      Damage    Failure   Level
a - Shock                 Conj/Air       80%        1d8       2%          1
b - Swiftness             Air            28%        N/A       3%          3

Your spell library contained the following spells:

 Spells                   Type           Power      Damage    Failure   Level
 Static Discharge         Conj/Air       20%        N/A       4%          2
 Beastly Appendage        Tmut           6%         N/A       12%         1
 Airstrike                Air            14%        N/A       12%         4
 Wereblood                Tmut           3%         N/A       19%         2
 Spider Form              Tmut/Pois      3%         N/A       36%         3


Dungeon Overview and Level Annotations

Branches:
Dungeon (3/15)

Altars:
Kikubaaqudgha

Annotations:
D:2 Natasha


Message History

A rat comes into view.
The zap hits the rat!
You kill the rat!
Found a stone staircase leading down.
Found 19 arrows.
A steam dragon comes into view.
The steam dragon hisses angrily.
You see here 15 gold pieces.
The zap hits the steam dragon!
The steam dragon is moderately wounded.
The zap hits the steam dragon.
The steam dragon is moderately wounded.
The steam dragon breathes steam at you. The ball of steam hits you!
You miscast Shock.
You are very lightly contaminated with residual magic.
Nothing appears to happen.
You are engulfed in a cloud of scalding steam.
You are too injured to fight recklessly!
Aiming: Shock (safe; 2% risk of failure)
Press: ? - help, Q - select action, (/) - cycle Shift-Dir - straight line, f/p - steam dragon
Aim: a steam dragon (moderately wounded, catching its breath, 71% to hit)
The zap hits the steam dragon!
The steam dragon is severely wounded.
Aiming: Shock (safe; 2% risk of failure)
Press: ? - help, Q - select action, (/) - cycle Shift-Dir - straight line, f/p - steam dragon
Aim: a steam dragon (steam, severely wounded, 71% to hit)
The zap hits the steam dragon.
The steam dragon is severely wounded.
Aiming: Shock (safe; 2% risk of failure)
Press: ? - help, Q - select action, (/) - cycle Shift-Dir - straight line, f/p - steam dragon
Aim: a steam dragon (water, severely wounded, 71% to hit)
That beam is likely to hit you.
Continue anyway? [Y]es or [N]o only, please.
That beam is likely to hit you.
Continue anyway?
Okay, then.
The steam dragon breathes steam at you. The ball of steam hits you!!
Ouch! That really hurt!
You die...

.. .. ##.##.####.#
#..§........#
#.≈≈≈≈≈≈≈≈≈.#
#.§.......≈.#
#.≈.≈≈≈≈≈.≈.#
#.≈$≈...≈.≈.#
##.D.§._.≈.≈.#
####..§§@.§§§.≈.#
#.(§..§.≈≈§§≈.≈.#########
..###.≈..§§.§.≈.......<..
. #.≈≈≈≈≈≈≈.≈..........
#....................
#...#..####..........
##....## #..........
#.#### #...<...... ..
#..[.<.....


You could see a steam dragon (catching breath).

Vanquished Creatures
  An orc priest (D:3)
  Natasha (twice) (D:2)
  An adder (D:2)
  2 dart slugs (D:2)
  5 orcs (D:3)
  An endoplasm (D:3)
  2 giant cockroaches
  2 goblins (D:1)
  7 hobgoblins
  5 quokkas
  5 ball pythons
  7 bats
  2 frilled lizards (D:1)
  3 kobolds
  8 rats
53 creatures vanquished.

Notes
Turn   | Place    | Note
-------+----------+-------------------------------------------
     0 | D:1      | nickcage the Deep Elf Air Elementalist began the quest for
                  | the Orb.
     0 | D:1      | Reached XP level 1. HP: 10/10 MP: 6/6
   327 | D:1      | Reached XP level 2. HP: 15/15 MP: 0/8
  1246 | D:1      | Reached skill level 4 in Air Magic
  1447 | D:2      | Reached XP level 3. HP: 19/19 MP: 2/9
  1451 | D:2      | Learned a level 3 spell: Swiftness
  1900 | D:2      | Noticed Natasha
  1904 | D:2      | Killed Natasha
  1905 | D:2      | Reached XP level 4. HP: 17/24 MP: 5/10
  2301 | D:2      | Found a faded altar of an unknown god.
  2359 | D:2      | Noticed Natasha
  2367 | D:2      | Killed Natasha
  2368 | D:2      | Reached skill level 5 in Air Magic
  2378 | D:2      | Noticed Natasha
  2508 | D:3      | Found an ancient bone altar of Kikubaaqudgha.
  2616 | D:3      | Reached XP level 5. HP: 18/28 MP: 0/11
  2869 | D:3      | Noticed a steam dragon
  2877 | D:3      | Killed from afar by a steam dragon

Illustrated notes

Levels and vault maps discovered:
D:1:      dpeg_arrival_water_fire, layout_basic, minivault_19
D:2:      layout_basic, shapermc_ecumenical_altar_notcrosses, uniq_natasha
D:3:      layout_rooms, mainiacjoe_overflow_concentric_impassable,
          amethyst_overflow_temple_binary, grunt_decor_arrowhead,
          minmay_box_of_dots

Skill      XL: |  1  2  3  4 |
---------------+-------------+-----
Air Magic      | 4 5 |  5.6
Conjurations   | 2 |  2.0
Dodging        | |  2.4
Stealth        | |  2.4
Spellcasting   | |  3.0

Action                   |  1- 3 |  4- 6 || total
-------------------------+-------+-------++-------
Melee: Whip              |     7 |       ||     7
 Cast: Shock             |    77 |    47 ||   124
Armor: Robe              |    10 |       ||    10
Dodge: Dodged            |    19 |     1 ||    20
